 Dungeon Crawl Stone Soup version 0.28.0 (webtiles) character file.

Game seed: 2671599082981671314

7 AlmostDecent the Covered (level 2, 19/19 HPs)
             Began as a Gargoyle Fighter on Feb 8, 2022.
             Was a Follower of Qazlal.
             Quit the game on level 1 of the Dungeon.
             The game lasted 00:01:42 (556 turns).

AlmostDecent the Covered (Gargoyle Fighter)          Turns: 556, Time: 00:01:42

Health: 19/19      AC: 10    Str: 19    XL:     2   Next: 0%
Magic:  2/2        EV:  9    Int:  8    God:    Qazlal [*.....]
Gold:   55         SH:  5    Dex:  9    Spells: 1/1 levels left

rFire   . . .      SeeInvis +   a - +0 war axe
rCold   . . .      Faith    .   c - +0 buckler
rNeg    + . .      Spirit   .   b - +0 scale mail
rPois   ∞          Reflect  .   (no helmet)
rElec   +          Harm     .   g - +0 cloak
rCorr   .          Rampage  .   (no gloves)
Will    .....                   (no boots)
Stlth   ..........              (no amulet)
HPRegen 0.06/turn               f - ring of see invisible
MPRegen 0.08/turn               (no ring)

@: no status effects
A: sickness immunity, AC +2, negative energy resistance 1, electricity
resistance, torment resistance 1, petrification resistance
a: Renounce Religion


You were on level 1 of the Dungeon.
You worshipped Qazlal.
Qazlal was aware of your devotion.
You visited 1 branch of the dungeon, and saw 1 of its levels.

You collected 55 gold pieces.

Inventory:

Hand Weapons
 a - a +0 war axe (weapon)
Armour
 b - a +0 scale mail (worn)
 c - a +0 buckler (worn)
 g - a +0 cloak (worn)
Jewellery
 f - a ring of see invisible (left hand)
 h - an amulet of guardian spirit
Scrolls
 e - a scroll of brand weapon {unknown}
 i - a scroll of noise {unknown}
Potions
 d - a potion of might


   Skills:
 + Level 3.4 Fighting
 * Level 1.8 Axes
 - Level 3.4 Armour
 - Level 3.4 Shields


You had one spell level left.
You didn't know any spells.
Your spell library was empty.

Dungeon Overview and Level Annotations

Branches:
Dungeon (1/15)

Altars:
Qazlal

Shops:
D:1 =


Innate Abilities, Weirdness & Mutations

You are immune to sickness and miasma.
Your stone body is resilient. (AC +2)
You are immune to poison.
You resist negative energy. (rN+)
You are resistant to electric shocks. (rElec)
You are resistant to unholy torment.
You are immune to petrification.


Message History

You now have 41 gold pieces (gained 10).
Found Ajeax's Jewellery Shop.
There is an entrance to Ajeax's Jewellery Shop here.
Found a thick glowing staff.
You see here a staff of earth.
You now have 44 gold pieces (gained 3).
A dart slug comes into view.
The dart slug launches a dart at you. The slug dart misses you.
You hit the dart slug.
The dart slug is heavily wounded.
The dart slug barely misses you.
You slash the dart slug!
You kill the dart slug!
No target in view!
No target in view!
You now have 55 gold pieces (gained 11).
Found an escape hatch in the floor.
A bat comes into view.
The bat hits you but does no damage.
No target in view!
No target in view!
No target in view!
A bat is nearby!
You miss the bat. The bat closely misses you. The bat barely misses you.
You slash the bat!
You kill the bat!
You have reached level 2!
You see here a bat corpse.
Found 2 poisoned darts.
Found a faded altar of an unknown god.
There is a faded altar of an unknown god here.
You cannot tell which god this altar belongs to.
Convert to them anyway?
Qazlal accepts your prayer! Qazlal welcomes you!
Qazlal grants you and your divine allies immunity to clouds.
You are now surrounded by a storm.
Unknown command.
Press < or > to pray at altars.
Are you sure you want to abandon this character and quit the game? (Confirm with "yes".)

......#..#######
.....##........#
....###...####.#####
...## #...####... .#
#######......#.###.#
..(.........8.8.#
.................##
.#.#######.8...8.8#
... #....@...# ##
.......8....#
#####......##
#....8.# #......#
#....... ##...##.#
#..## .#


There were no monsters in sight!

Vanquished Creatures
  A dart slug (D:1)
  3 bats (D:1)
  An endoplasm (D:1)
5 creatures vanquished.

Notes
Turn   | Place    | Note
-------+----------+-------------------------------------------
     0 | D:1      | AlmostDecent the Gargoyle Fighter began the quest for the
                  | Orb.
     0 | D:1      | Reached XP level 1. HP: 14/14 MP: 1/1
   382 | D:1      | Found Ajeax's Jewellery Shop.
   499 | D:1      | Reached XP level 2. HP: 19/19 MP: 2/2
   547 | D:1      | Found a faded altar of an unknown god.
   555 | D:1      | Prayed at the altar of an unknown god.
   555 | D:1      | Became a worshipper of Qazlal Stormbringer
   555 | D:1      | Reached * piety under Qazlal
   556 | D:1      | Quit the game

Illustrated notes

Levels and vault maps discovered:
D:1:      psy_arrival_dodecagon, layout_loops_cross, serial_shops, shop,
          ebering_ecumenical_altar_ruins

Action                   || total
-------------------------++-------
Melee: War axe           ||    20
Armor: Scale mail        ||    16
Dodge: Dodged            ||    13
Block: Buckler           ||     3
